TOP OF THE 1ST |
Reno Silver Sox batting - Pitching for Phoenix Hotspur Youth : LHP Habakkuk Baldonado
|
Pitching: LHP Habakkuk Baldonado
|
|
Batting: RHB Marvin Overbeek
|
0-0: Ground out 6-3 (Groundball, 6)
|
Batting: RHB Jean Lechuga
|
0-0: Called Strike 0-1: Ground out 4-3 (Groundball, 4MD)
|
Batting: RHB Tumas Wenzu
|
0-0: Ball 1-0: Ball 2-0: Ball 3-0: Base on Balls
|
Batting: RHB Armando Romero
|
0-0: SINGLE (Groundball, 6MD) Tumas Wenzu to second Runner from 2nd tries for 3rd, SAFE, throw made to third
|
Batting: LHB Marcos Costa
|
0-0: Called Strike 0-1: Foul Ball, location: 2F 0-2: Ball 1-2: Ball 2-2: Foul Ball, location: 2F 2-2: Fly out, F8 (Flyball, 8LM)
|
Top of the 1st over - 0 runs, 1 hit, 0 errors, 2 left on base; Reno 0 - Phoenix Hotspur 0 |
BOTTOM OF THE 1ST |
Phoenix Hotspur Youth batting - Pitching for Reno Silver Sox : RHP Charlie Fairthorne
|
Pitching: RHP Charlie Fairthorne
|
|
Batting: LHB Damian Alldred
|
0-0: Called Strike 0-1: Ball 1-1: Ground out 5-3 (Groundball, 5)
|
Batting: LHB Tyler Kinjeketile
|
0-0: Called Strike 0-1: Ball 1-1: SINGLE (Line Drive, 4MD)
|
Batting: RHB Bernardo Rivera
|
0-0: Ball 1-0: Ball 2-0: Called Strike 2-1: Foul Ball, location: 2F 2-2: Ball 3-2: Base on Balls Tyler Kinjeketile to second
|
Batting: LHB Valerius Buser
|
0-0: Foul Ball, location: 2F 0-1: Ball 1-1: Ball 2-1: Foul Ball, location: 2F 2-2: SINGLE (Groundball, 34D) Tyler Kinjeketile to third Bernardo Rivera to second
|
Batting: LHB Carlos Rodríguez
|
0-0: Called Strike 0-1: Foul Ball, location: 2F 0-2: Grounds into fielders choice 1-2 (Groundball, P) Bernardo Rivera to third Valerius Buser to second
|
Batting: LHB Phil Mazzeo
|
0-0: Called Strike 0-1: Ground out U3 (Groundball, 3)
|
Bottom of the 1st over - 0 runs, 2 hits, 0 errors, 3 left on base; Reno 0 - Phoenix Hotspur 0 |
TOP OF THE 2ND |
Reno Silver Sox batting - Pitching for Phoenix Hotspur Youth : LHP Habakkuk Baldonado
|
Batting: RHB Maik Palen
|
0-0: Ball 1-0: Foul Ball, location: 2F 1-1: Swinging Strike 1-2: Ball 2-2: Ball 3-2: Base on Balls
|
Batting: LHB Henry Madore
|
0-0: Swinging Strike 0-1: Fly out, F7 (Flyball, 78M)
|
Batting: RHB Jong-beom Chang
|
0-0: Swinging Strike 0-1: Foul Ball, location: 2F 0-2: Foul Ball, location: 2F 0-2: Ball 1-2: Ball 2-2: Foul Ball, location: 2F 2-2: Ball 3-2: Grounds into double play, 6-4-3 (Groundball, 6D)
|
Top of the 2nd over - 0 runs, 0 hits, 0 errors, 0 left on base; Reno 0 - Phoenix Hotspur 0 |
BOTTOM OF THE 2ND |
Phoenix Hotspur Youth batting - Pitching for Reno Silver Sox : RHP Charlie Fairthorne
|
Batting: RHB Bill Poole
|
0-0: Ball 1-0: Ball 2-0: Foul Ball, location: 2F 2-1: DOUBLE (Line Drive, 78D)
|
Batting: RHB Braylen Sampson
|
0-0: SINGLE (Line Drive, 6M) Bill Poole to third
|
Batting: RHB Terry MacDonald
|
0-0: Ball 1-0: Swinging Strike 1-1: Ground out 3-1 (Groundball, 34S) Bill Poole scores Braylen Sampson to second
|
Batting: LHB Damian Alldred
|
0-0: Ball 1-0: Foul Ball, location: 2F 1-1: Ball 2-1: Ball 3-1: Ground out U3 (Groundball, 3L) Braylen Sampson to third
|
Batting: LHB Tyler Kinjeketile
|
0-0: Ball 1-0: Foul Ball, location: 2F 1-1: Swinging Strike 1-2: Strikes out swinging
|
Bottom of the 2nd over - 1 run, 2 hits, 0 errors, 1 left on base; Reno 0 - Phoenix Hotspur 1 |
TOP OF THE 3RD |
Reno Silver Sox batting - Pitching for Phoenix Hotspur Youth : LHP Habakkuk Baldonado
|
Batting: LHB Luis Aranda
|
0-0: Ball 1-0: Ground out 1-3 (Groundball, 13S)
|
Batting: RHB Marvin Overbeek
|
0-0: Foul Ball, location: 2F 0-1: Fly out, F6 (Popup, 6)
|
Batting: RHB Jean Lechuga
|
0-0: Ball 1-0: Bunt for hit - play at first, batter OUT! 1-3
|
Top of the 3rd over - 0 runs, 0 hits, 0 errors, 0 left on base; Reno 0 - Phoenix Hotspur 1 |
BOTTOM OF THE 3RD |
Phoenix Hotspur Youth batting - Pitching for Reno Silver Sox : RHP Charlie Fairthorne
|
Batting: RHB Bernardo Rivera
|
0-0: Ball 1-0: Called Strike 1-1: Foul Ball, location: 2F 1-2: Strikes out swinging
|
Batting: LHB Valerius Buser
|
0-0: Called Strike 0-1: Foul Ball, location: 2F 0-2: Fly out, F5 (Popup, 5SF)
|
Batting: LHB Carlos Rodríguez
|
0-0: TRIPLE (Flyball, 78XD)
|
Batting: LHB Phil Mazzeo
|
0-0: Foul Ball, location: 2F 0-1: Ball 1-1: Called Strike 1-2: Foul Ball, location: 2F 1-2: Ball 2-2: Ball 3-2: SINGLE (Line Drive, 7S) Carlos Rodríguez scores
|
Batting: RHB Bill Poole
|
0-0: Ball 1-0: Called Strike 1-1: Foul Ball, location: 2F 1-2: Ball 2-2: Foul Ball, location: 2F 2-2: Fly out, F8 (Flyball, 8RS)
|
Bottom of the 3rd over - 1 run, 2 hits, 0 errors, 1 left on base; Reno 0 - Phoenix Hotspur 2 |
TOP OF THE 4TH |
Reno Silver Sox batting - Pitching for Phoenix Hotspur Youth : LHP Habakkuk Baldonado
|
Batting: RHB Tumas Wenzu
|
0-0: Ball 1-0: Called Strike 1-1: Called Strike 1-2: Ball 2-2: SINGLE (Flyball, 8LS)
|
Batting: RHB Armando Romero
|
0-0: Called Strike 0-1: Fly out, F5 (Line Drive, 5L)
|
Batting: LHB Marcos Costa
|
0-0: Called Strike 0-1: Ball 1-1: Fly out, F8 (Flyball, 8LXD) Runner from 1st tags up, SAFE at 2nd
|
Batting: RHB Maik Palen
|
0-0: DOUBLE (Line Drive, 8LXD) Tumas Wenzu scores
|
Batting: LHB Henry Madore
|
0-0: Called Strike 0-1: Called Strike 0-2: Foul Ball, location: 2F 0-2: Ball 1-2: Strikes out swinging
|
Top of the 4th over - 1 run, 2 hits, 0 errors, 1 left on base; Reno 1 - Phoenix Hotspur 2 |
BOTTOM OF THE 4TH |
Phoenix Hotspur Youth batting - Pitching for Reno Silver Sox : RHP Charlie Fairthorne
|
Batting: RHB Braylen Sampson
|
0-0: Foul Ball, location: 2F 0-1: Swinging Strike 0-2: Fly out, F5 (Popup, 5SF)
|
Batting: RHB Terry MacDonald
|
0-0: Ball 1-0: Ball 2-0: Ball 3-0: Called Strike 3-1: Swinging Strike 3-2: Fly out, F9 (Flyball, 9D)
|
Batting: LHB Damian Alldred
|
0-0: Called Strike 0-1: Called Strike 0-2: Ball 1-2: Ground out 4-3 (Groundball, 4)
|
Bottom of the 4th over - 0 runs, 0 hits, 0 errors, 0 left on base; Reno 1 - Phoenix Hotspur 2 |
TOP OF THE 5TH |
Reno Silver Sox batting - Pitching for Phoenix Hotspur Youth : LHP Habakkuk Baldonado
|
Batting: RHB Jong-beom Chang
|
0-0: Ball 1-0: Ball 2-0: Called Strike 2-1: Foul Ball, location: 2F 2-2: Ball 3-2: Strikes out swinging
|
Batting: LHB Luis Aranda
|
0-0: Foul Ball, location: 2F 0-1: Foul Ball, location: 2F 0-2: Strikes out swinging
|
Batting: RHB Marvin Overbeek
|
0-0: Foul Ball, location: 2F 0-1: Called Strike 0-2: Ball 1-2: Ground out 2-3 (Groundball, 2L)
|
Top of the 5th over - 0 runs, 0 hits, 0 errors, 0 left on base; Reno 1 - Phoenix Hotspur 2 |
BOTTOM OF THE 5TH |
Phoenix Hotspur Youth batting - Pitching for Reno Silver Sox : RHP Charlie Fairthorne
|
Batting: LHB Tyler Kinjeketile
|
0-0: Ball 1-0: Ball 2-0: Ball 3-0: Called Strike 3-1: DOUBLE (Line Drive, 5D)
|
Batting: RHB Bernardo Rivera
|
0-0: SINGLE (Groundball, 34S) (infield hit) Tyler Kinjeketile to third
|
Batting: LHB Valerius Buser
|
0-0: Ball 1-0: Ball 2-0: Ball 3-0: Called Strike 3-1: Swinging Strike 3-2: Base on Balls Bernardo Rivera to second
|
Batting: LHB Carlos Rodríguez
|
0-0: Foul Ball, location: 2F 0-1: Foul Ball, location: 2F 0-2: Grounds into double play, 6-4-3 (Groundball, 6) Tyler Kinjeketile scores Bernardo Rivera to third
|
Batting: LHB Phil Mazzeo
|
0-0: Ground out U3 (Groundball, 3)
|
Bottom of the 5th over - 1 run, 2 hits, 0 errors, 1 left on base; Reno 1 - Phoenix Hotspur 3 |
TOP OF THE 6TH |
Reno Silver Sox batting - Pitching for Phoenix Hotspur Youth : LHP Habakkuk Baldonado
|
Batting: RHB Jean Lechuga
|
0-0: Called Strike 0-1: Ground out 5-3 (Groundball, 56)
|
Batting: RHB Tumas Wenzu
|
0-0: Ball 1-0: Foul Ball, location: 2F 1-1: Ball 2-1: Called Strike 2-2: SINGLE (Flyball, 78S)
|
Batting: RHB Armando Romero
|
0-0: Called Strike 0-1: Ball 1-1: Ball 2-1: Foul Ball, location: 2F 2-2: Foul Ball, location: 2F 2-2: SINGLE (Line Drive, 56D) Tumas Wenzu to second
|
Batting: LHB Marcos Costa
|
0-0: Ball 1-0: Called Strike 1-1: Called Strike 1-2: Foul Ball, location: 2F 1-2: Strikes out looking
|
Batting: RHB Maik Palen
|
0-0: Ball 1-0: Ball 2-0: Ball 3-0: Base on Balls Tumas Wenzu to third Armando Romero to second
|
Batting: LHB Henry Madore
|
0-0: Swinging Strike 0-1: Ball 1-1: Foul Ball, location: 2F 1-2: Fly out, F5 (Popup, 56)
|
Top of the 6th over - 0 runs, 2 hits, 0 errors, 3 left on base; Reno 1 - Phoenix Hotspur 3 |
BOTTOM OF THE 6TH |
Phoenix Hotspur Youth batting - Pitching for Reno Silver Sox : RHP Charlie Fairthorne
|
Batting: RHB Bill Poole
|
0-0: Ball 1-0: Called Strike 1-1: Foul Ball, location: 2F 1-2: DOUBLE (Flyball, 78D)
|
Batting: RHB Braylen Sampson
|
0-0: Called Strike 0-1: Ball 1-1: Ball 2-1: Foul Ball, location: 2F 2-2: Foul Ball, location: 2F 2-2: Ball 3-2: Fly out, F8 (Flyball, 8LS)
|
Batting: RHB Terry MacDonald
|
0-0: Called Strike 0-1: Ball 1-1: SINGLE (Groundball, 34D) Bill Poole to third Runner from 3rd tries for Home, SAFE, no throw
|
Batting: LHB Damian Alldred
|
0-0: Ball 1-0: Ball 2-0: Ball 3-0: Called Strike 3-1: Called Strike 3-2: Foul Ball, location: 2F 3-2: Foul Ball, location: 2F 3-2: Fly out, F8 (Flyball, 8LM)
|
Pitching: RHP Herman Guevera
|
|
Batting: LHB Tyler Kinjeketile
|
0-0: Ball 1-0: Called Strike 1-1: Ball 2-1: Foul Ball, location: 2F 2-2: Foul Ball, location: 2F 2-2: Foul Ball, location: 2F 2-2: Strikes out looking
|
Bottom of the 6th over - 1 run, 2 hits, 0 errors, 1 left on base; Reno 1 - Phoenix Hotspur 4 |
TOP OF THE 7TH |
Reno Silver Sox batting - Pitching for Phoenix Hotspur Youth : LHP Habakkuk Baldonado
|
Batting: RHB Jong-beom Chang
|
0-0: Ball 1-0: Fly out, F9 (Flyball, 89D)
|
Batting: LHB Luis Aranda
|
0-0: Ball 1-0: Called Strike 1-1: Foul Ball, location: 2F 1-2: Foul Ball, location: 2F 1-2: Strikes out swinging
|
Batting: RHB Marvin Overbeek
|
0-0: Ball 1-0: Ground out U3 (Groundball, 23)
|
Top of the 7th over - 0 runs, 0 hits, 0 errors, 0 left on base; Reno 1 - Phoenix Hotspur 4 |
BOTTOM OF THE 7TH |
Phoenix Hotspur Youth batting - Pitching for Reno Silver Sox : RHP Herman Guevera
|
Batting: RHB Bernardo Rivera
|
0-0: Called Strike 0-1: Ball 1-1: Called Strike 1-2: Ball 2-2: Foul Ball, location: 2F 2-2: Strikes out swinging
|
Batting: LHB Valerius Buser
|
0-0: Called Strike 0-1: SOLO HOME RUN (Flyball, 9D), Distance : 361 ft
|
Batting: LHB Carlos Rodríguez
|
0-0: Ball 1-0: Swinging Strike 1-1: Ball 2-1: Foul Ball, location: 2F 2-2: Strikes out looking
|
Batting: LHB Phil Mazzeo
|
0-0: Ball 1-0: Foul Ball, location: 2F 1-1: Foul Ball, location: 2F 1-2: Ball 2-2: Foul Ball, location: 2F 2-2: Ground out 5-3 (Groundball, 56)
|
Bottom of the 7th over - 1 run, 1 hit, 0 errors, 0 left on base; Reno 1 - Phoenix Hotspur 5 |
TOP OF THE 8TH |
Reno Silver Sox batting - Pitching for Phoenix Hotspur Youth : LHP Habakkuk Baldonado
|
Batting: RHB Jean Lechuga
|
0-0: Ball 1-0: Called Strike 1-1: Ball 2-1: Swinging Strike 2-2: Strikes out swinging
|
Batting: RHB Tumas Wenzu
|
0-0: Ball 1-0: Foul Ball, location: 2F 1-1: Fly out, F8 (Flyball, 8RD)
|
Batting: RHB Armando Romero
|
0-0: Foul Ball, location: 2F 0-1: Foul Ball, location: 2F 0-2: Ball 1-2: Ball 2-2: Ball 3-2: Foul Ball, location: 2F 3-2: Foul Ball, location: 2F 3-2: Foul Ball, location: 2F 3-2: Base on Balls
|
Pitching: LHP Ismael Lara
|
|
Batting: LHB Marcos Costa
|
0-0: Called Strike 0-1: Ball 1-1: Swinging Strike 1-2: Ball 2-2: SINGLE (Groundball, 34D) Armando Romero to second Runner from 2nd tries for 3rd, SAFE, no throw
|
Batting: RHB Maik Palen
|
0-0: Ball 1-0: Ground out 5-3 (Groundball, 56S)
|
Top of the 8th over - 0 runs, 1 hit, 0 errors, 2 left on base; Reno 1 - Phoenix Hotspur 5 |
BOTTOM OF THE 8TH |
Phoenix Hotspur Youth batting - Pitching for Reno Silver Sox : RHP Herman Guevera
|
Batting: RHB Bill Poole
|
0-0: Ball 1-0: Ball 2-0: Called Strike 2-1: Swinging Strike 2-2: Fly out, F7 (Flyball, 78XD)
|
Batting: RHB Braylen Sampson
|
0-0: Swinging Strike 0-1: Foul Ball, location: 2F 0-2: Fly out, F8 (Flyball, 8LM)
|
Batting: RHB Terry MacDonald
|
0-0: Ball 1-0: Swinging Strike 1-1: Foul Ball, location: 2F 1-2: Ball 2-2: Fly out, F5 (Line Drive, 56)
|
Bottom of the 8th over - 0 runs, 0 hits, 0 errors, 0 left on base; Reno 1 - Phoenix Hotspur 5 |
TOP OF THE 9TH |
Reno Silver Sox batting - Pitching for Phoenix Hotspur Youth : LHP Ismael Lara
|
Pitching: RHP Jason MacDonald
|
|
Batting: LHB Henry Madore
|
0-0: Ball 1-0: Ground out 5-3 (Groundball, 2L)
|
Batting: RHB Jong-beom Chang
|
0-0: Foul Ball, location: 2F 0-1: Ball 1-1: Foul Ball, location: 2F 1-2: Foul Ball, location: 2F 1-2: Foul Ball, location: 2F 1-2: Ball 2-2: Foul Ball, location: 2F 2-2: Ball 3-2: Foul Ball, location: 2F 3-2: Fly out, F8 (Flyball, 89M)
|
Batting: LHB Luis Aranda
|
0-0: Called Strike 0-1: Ball 1-1: Ball 2-1: Foul Ball, location: 2F 2-2: Fly out, F7 (Flyball, 7LSF)
|
Top of the 9th over - 0 runs, 0 hits, 0 errors, 0 left on base; Reno 1 - Phoenix Hotspur 5 |
|